 Dungeon Crawl Stone Soup version 0.22-a0-166-g5351223 (webtiles) character file.

71 Amnesiac the Digger (level 4, 0/30 HPs)
             Began as a Mummy Earth Elementalist on Feb 13, 2018.
             Slain by zero's ghost (4 damage)
             ... on level 3 of the Dungeon.
             The game lasted 00:02:55 (1352 turns).

Amnesiac the Digger (Mummy Earth Elementalist)      Turns: 1352, Time: 00:02:56

Health: 0/30       AC:  2    Str: 11    XL:     4   Next: 5%
Magic:  0/8        EV: 12    Int: 15    God:
Gold:   96         SH:  0    Dex: 12    Spells: 6/9 levels left

rFire    x . .     SeeInvis .   a - +1 dagger
rCold    + . .     Gourm    .   (no shield)
rNeg     + + +     Faith    .   c - +0 robe
rPois    ∞         Spirit   .   (no helmet)
rElec    .         Reflect  .   (no cloak)
rCorr    .         Harm     .   (no gloves)
MR       .....                  (no boots)
Stlth    ++........             (no amulet)
HPRegen  0.10/turn              (no ring)
MPRegen  0.11/turn              (no ring)

@: no status effects
A: no food or potions, fire vulnerability, cold resistance 1, negative energy
resistance 3, torment resistance, unbreathing
a: no special abilities


You were on level 3 of the Dungeon.
You were not hungry.

You visited 1 branch of the dungeon, and saw 3 of its levels.

You collected 96 gold pieces.

Inventory:

Hand Weapons
 a - a +1 dagger (weapon)
Missiles
 b - 31 stones (quivered)
Armour
 c - a +0 robe (worn)
Scrolls
 f - a scroll of amnesia {!r}
Books
 d - a book of Geomancy

   Spells                             Type                      Level
   a - Sandblast                      Earth                        1
   b - Passwall                       Transmutation/Earth          2
   c - Stone Arrow                    Conjuration/Earth            3
   d - Petrify                        Transmutation/Earth          4
   e - Lee's Rapid Deconstruction     Earth                        5


   Skills:
 - Level 1.5 Dodging
 - Level 1.5 Stealth
 - Level 3.0 Spellcasting
 + Level 2.5 Transmutations
 - Level 3.0 Earth Magic


You had 6 spell levels left.
You knew the following spells:

 Your Spells              Type           Power        Failure   Level  Hunger
a - Sandblast             Erth           ##....       6%          1    N/A
b - Passwall              Tmut/Erth      ##........   10%         2    N/A

Dungeon Overview and Level Annotations

Branches:
Dungeon (3/15)

Altars:

Annotations:
D:3 zero's ghost, amateur SpAs


Innate Abilities, Weirdness & Mutations

You do not eat or drink.
Your flesh is vulnerable to fire.
You are immune to poison.
Your flesh is cold resistant. (rC+)
You are immune to negative energy. (rN+++)
You are immune to unholy pain and torment.
You can survive without breathing.


Message History

Confirm with . or Enter, or press ? or * to list all spells.
Aiming: Sandblast (safe; 6% risk of failure)
Press: ? - help, Shift-Dir - straight line, f/p - worker ant
Aim: a worker ant (severely wounded)
The blast of sand hits the worker ant.
You kill the worker ant!
You have reached level 4!
b - 35 stones Zero's ghost turns its malevolent gaze towards you.
Press: ? - help, v - describe, . - travel
Here: zero's ghost The floor.
Unknown command.
Your magical contamination has completely faded away.
An adder comes into view.
Press: ? - help, v - describe, . - travel The floor.
Unknown command.
Really read
g - a scroll labeled URAONI BUNIGY {!r}?
As you read the scroll labeled URAONI BUNIGY {!r}, it crumbles to dust.
It is a scroll of identify.
f - a scroll of amnesia {!r} Really read
e - a scroll labeled HOBLEP MIBAABE {!r}?
As you read the scroll labeled HOBLEP MIBAABE {!r}, it crumbles to dust.
It is a scroll of enchant weapon.
Your +0 dagger glows red for a moment.
Zero's ghost misses you.
Casting: Sandblast (safe; 6% risk of failure)
Confirm with . or Enter, or press ? or * to list all spells.
Aiming: Sandblast (safe; 6% risk of failure)
Press: ? - help, Shift-Dir - straight line, f - zero's ghost
Aim: zero's ghost The blast of sand misses zero's ghost.
b - 34 stones Zero's ghost misses you.
Unknown command.
Casting: Sandblast (safe; 6% risk of failure)
Confirm with . or Enter, or press ? or * to list all spells.
Aiming: Sandblast (safe; 6% risk of failure)
Press: ? - help, Shift-Dir - straight line, f/p - zero's ghost
Aim: zero's ghost The blast of sand misses zero's ghost.
b - 33 stones Zero's ghost hits you but does no damage.
Unknown command.
Casting: Sandblast (safe; 6% risk of failure)
Confirm with . or Enter, or press ? or * to list all spells.
Aiming: Sandblast (safe; 6% risk of failure)
Press: ? - help, Shift-Dir - straight line, f/p - zero's ghost
Aim: zero's ghost The blast of sand hits zero's ghost.
Zero's ghost is moderately damaged.
b - 32 stones Zero's ghost barely misses you.
Unknown command.
Casting: Sandblast (safe; 6% risk of failure)
Confirm with . or Enter, or press ? or * to list all spells.
Aiming: Sandblast (safe; 6% risk of failure)
Press: ? - help, Shift-Dir - straight line, f/p - zero's ghost
Aim: zero's ghost (moderately damaged)
The blast of sand hits zero's ghost.
Zero's ghost is heavily damaged.
b - 31 stones Zero's ghost hits you.
You die...

#.###......#
#.#
#.##.......##
#.#
#...........#
#.#
####.......#
#.# ##.....##
#.# ##...##
#.# ##.## #.#
#W#### #.@..#
####.# .# .#
.# .# .# S#


You could see zero's ghost.

Vanquished Creatures
  A worker ant (D:3)
  An adder (D:2)
  An ooze (D:1)
  2 dart slugs (D:1)
  3 giant cockroaches (D:1)
  5 hobgoblins
  A quokka (D:3)
  A ball python (D:1)
  7 bats
  2 frilled lizards
  3 goblins (D:1)
  A kobold (D:1)
  4 rats
32 creatures vanquished.

Notes
Turn   | Place    | Note
-------+----------+-------------------------------------------
     0 | D:1      | Amnesiac the Mummy Earth Elementalist began the quest for the Orb.
     0 | D:1      | Reached XP level 1. HP: 13/13 MP: 4/4
   367 | D:1      | Reached XP level 2. HP: 18/19 MP: 5/5
   377 | D:1      | Learned a level 2 spell: Passwall
   656 | D:1      | Reached skill level 1 in Transmutations
   751 | D:1      | Reached XP level 3. HP: 22/24 MP: 7/7
  1316 | D:3      | Noticed zero's ghost (amateur SpAs)
  1324 | D:3      | HP: 1/24 [worker ant (7)]
  1325 | D:3      | Reached XP level 4. HP: 1/30 MP: 1/8
  1352 | D:3      | Slain by zero's ghost

Vault maps used:
D:1:      zaba_arrival_water
D:2:      grunt_ministairs_8, hex_medium, minmay_domino_2
D:3:      vehumet_crystals, portal_sewer_entry_d, uniq_sigmund

Skill      XL: |  1  2  3 |
---------------+----------+-----
Earth Magic    | 3 |  3.0
Spellcasting   | 3 |  3.0
Transmutations | 1 2 |  2.5
Dodging        | |  1.5
Stealth        | |  1.5

Action                   |  1- 3 |  4- 6 || total
-------------------------+-------+-------++-------
Melee: Unarmed           |    33 |       ||    33
       Dagger            |   115 |       ||   115
 Cast: Sandblast         |    13 |     5 ||    18
       Passwall          |     1 |       ||     1
  Use: Scroll            |       |     2 ||     2
 Stab: Sleeping          |     9 |       ||     9
Armor: Robe              |    43 |     1 ||    44
Dodge: Dodged            |   100 |     3 ||   103

Table legend:
 A = Spawn XP
 B = Non-spawn XP
 C = Spawn XP percentage of total XP
 D = Spawn monster count
 E = Non-spawn monster count
 F = Spawn count percentage of total count
 G = Total turns spent on level
                    A         B        C        D         E        F      G
               +---------+---------+-------+---------+---------+-------+---------
         Total |       0 |     102 |   0.0 |       0 |      32 |   0.0 |  1352
               +---------+---------+-------+---------+---------+-------+---------
           D:1 |       0 |      43 |   0.0 |       0 |      22 |   0.0 |   905
           D:2 |       0 |      17 |   0.0 |       0 |       3 |   0.0 |   263
           D:3 |       0 |      42 |   0.0 |       0 |       7 |   0.0 |   184
               +---------+---------+-------+---------+---------+-------+---------
